Map: 망각행 고속열차

Players

테라진

  • Race: Terran Terran
  • Spawn Location: 0:00

밤하늘

  • Race: Protoss Protoss
  • Spawn Location: 12:00

VOD

Have the link to the VOD?

Description

Time

  • Played on: Feb. 11, 2019, 6:24 a.m.
  • Length: 23:47
Show
View Real Time Build Order
Export as new Build Order

테라진 Terran 

Build Orders:  

Get SALT Encoding   

  5  0:45  Supply Depot  
Show
View Real Time Build Order
Export as new Build Order

밤하늘 Protoss 

Build Orders:  

Get SALT Encoding   

  12  0:02  Probe (Chrono Boost)  
  13  0:16  Probe (Chrono Boost)  
  14  0:30  Probe (Chrono Boost)  
  15  0:44  Probe (Chrono Boost)  
  16  0:58  Probe (Chrono Boost)  
  17  1:11  Probe (Chrono Boost)  
  18  1:27  Zoraya Legion  
  18  1:50  Ancient Nexus  
  18  2:06  Xel'Naga Passageway  
  18  2:07  Probe (Chrono Boost)  
  19  2:21  Probe (Chrono Boost)  
  19  2:28  Xel'Naga Passageway  
  20  2:35  Probe (Chrono Boost)  
  21  2:49  Probe (Chrono Boost)  
  22  3:02  Probe (Chrono Boost)  
  23  3:11  Core Forge  
  23  3:16  Probe (Chrono Boost)  
  24  3:30  Probe (Chrono Boost)  
  24  3:31  Probe (Chrono Boost)  
  26  3:44  Probe x2 (Chrono Boost)  
  28  3:58  Probe x2 (Chrono Boost)  
  30  4:02  Constructs Facility  
  30  4:12  Probe x2 (Chrono Boost)  
  32  4:21  Xel'Naga Shieldguard x2  
  32  4:26  Probe x2 (Chrono Boost)  
  36  4:37  Xel'Naga Shieldguard x2  
  38  4:41  Xel'Naga Passageway  
  38  4:44  Probe (Chrono Boost)  
  38  4:45  Probe (Chrono Boost)  
  40  5:07  Xel'Naga Void Array x2  
  40  5:08  Constructs Bay  
  40  5:15  Zoraya Legion  
  41  5:54  Xel'Naga Void Array x2  
  42  6:09  Xel'Naga Ambusher, Xel'Naga Void Array  
  42  6:12  Xel'Naga Ambusher  
  42  6:16  Xel'Naga Watcher  
  46  6:26  Xel'Naga Void Array  
  46  6:28  Xel'Naga Watcher  
  46  6:40  Xel'Naga Watcher  
  46  6:47  Xel'Naga Void Array  
  46  6:52  Xel'Naga Watcher  
  46  6:57  Xel'Naga Void Array  
  46  6:59  Xel'Naga Ambusher  
  46  7:01  Xel'Naga Void Array  
  46  7:02  Xel'Naga Ambusher  
  46  7:03  Xel'Naga Ambusher  
  52  7:16  Xel'Naga Shieldguard  
  52  7:23  Xel'Naga Shieldguard  
  52  7:24  Xel'Naga Shieldguard  
  52  7:28  Xel'Naga Watcher  
  55  7:31  Xel'Naga Shieldguard  
  56  7:40  Xel'Naga Watcher  
  56  7:48  Xel'Naga Void Array  
  56  7:59  Xel'Naga Ambusher  
  56  8:00  Xel'Naga Void Array  
  56  8:02  Xel'Naga Ambusher  
  56  8:03  Xel'Naga Ambusher  
  62  8:17  Zoraya Legion  
  62  8:20  Xel'Naga Shieldguard  
  62  8:23  Xel'Naga Shieldguard  
  62  8:24  Xel'Naga Shieldguard  
  65  9:28  Xel'Naga Ambusher  
  65  9:31  Xel'Naga Ambusher  
  65  9:32  Xel'Naga Ambusher  
  71  9:43  Xel'Naga Void Array  
  71  9:45  Xel'Naga Ambusher  
  73  9:52  Xel'Naga Ambusher  
  73  9:53  Xel'Naga Ambusher  
  77  10:24  Zoraya Legion  
  77  10:46  Xel'Naga Void Array  
  77  11:12  Xel'Naga Void Array  
  77  12:07  Xel'Naga Watcher  
  77  12:24  Tesseract Cannon  
  77  12:25  Tesseract Cannon  
  76  12:40  Xel'Naga Ambusher  
  76  12:44  Xel'Naga Ambusher x2  
  82  13:14  Zoraya Legion  
  82  13:18  Tesseract Cannon  
  82  13:22  Tesseract Cannon  
  82  13:24  Tesseract Cannon  
  82  13:32  Xel'Naga Void Array  
  82  13:40  Xel'Naga Void Array  
  82  13:44  Tesseract Cannon  
  82  13:47  Tesseract Cannon  
  82  13:49  Tesseract Cannon  
  82  13:50  Xel'Naga Void Array  
  82  13:51  Tesseract Cannon  
  82  13:56  Tesseract Cannon  
  82  13:57  Tesseract Cannon  
  82  14:02  Tesseract Cannon  
  82  14:04  Tesseract Cannon  
  82  14:09  Xel'Naga Ambusher  
  84  14:18  Xel'Naga Watcher  
  82  14:29  Xel'Naga Void Array  
  80  14:30  Xel'Naga Watcher  
  80  14:51  Xel'Naga Void Array  
  80  15:00  Tesseract Cannon  
  80  15:05  Tesseract Cannon  
  80  15:18  Zoraya Legion  
  80  15:36  Xel'Naga Ambusher  
  80  15:40  Xel'Naga Ambusher  
  80  15:49  Xel'Naga Void Array  
  84  15:53  Xel'Naga Ambusher  
  84  15:55  Xel'Naga Ambusher  
  86  16:23  Xel'Naga Ambusher  
  86  16:27  Xel'Naga Ambusher  
  90  16:38  Tesseract Cannon  
  90  17:18  Xel'Naga Ambusher  
  89  17:23  Zoraya Legion  
  79  17:58  Xel'Naga Ambusher  
  79  18:01  Xel'Naga Void Array  
  79  18:02  Xel'Naga Ambusher x2  
  83  18:10  Xel'Naga Void Array  
  83  18:15  Xel'Naga Void Array  
  83  18:19  Xel'Naga Void Array  
  80  18:23  Xel'Naga Void Array  
  80  18:43  Xel'Naga Ambusher  
  80  18:47  Xel'Naga Ambusher x2  
  86  19:00  Xel'Naga Void Array  
  86  19:08  Xel'Naga Ambusher  
  88  19:13  Xel'Naga Void Array  
  83  19:46  Xel'Naga Void Array  
  83  20:11  Xel'Naga Ambusher  
  83  20:14  Xel'Naga Ambusher  
  83  20:15  Xel'Naga Ambusher  
  85  20:22  Zoraya Legion  
  85  20:28  Xel'Naga Ambusher  
  85  20:32  Xel'Naga Void Array  
  85  20:35  Xel'Naga Ambusher  
  89  20:44  Xel'Naga Void Array  
  89  20:49  Xel'Naga Ambusher  
  89  20:53  Xel'Naga Ambusher  
  91  21:16  Xel'Naga Ambusher  
  93  21:29  Xel'Naga Ambusher  
  93  21:32  Xel'Naga Void Array  
  93  21:41  Xel'Naga Void Array  
  93  21:43  Xel'Naga Void Array  
  83  22:10  Xel'Naga Ambusher  
  83  22:14  Xel'Naga Ambusher x2  
  74  22:55  Zoraya Legion  
Tags
 
Add a new tag
Caveats
  • Supply blocks, unpowered buildings, or Contaminate may cause inaccurate times.
  • Supply counts are checked every 10 seconds.